Cogmind - Beta 14 @@@ ROGUE MODE // 2024.09.29 @ 05:21:30 // Winter2019/RPGLIKE Player: Toaster Result: Destroyed self with Grenade Launcher Performance ------------- Evolutions (0) 0 Regions Visited (1) 200 Robots Destroyed (21) 105 Value Destroyed (601) 601 Prototype IDs (0) 0 Alien Tech Used (0) 0 Bonus (51) 51 TOTAL SCORE: 957 Bonus ------- High Alert Combat Kills 51 Cogmind --------- Core Integrity 0/600 Matter 115/500 Energy 250/250 System Corruption 0% Temperature Cool (0) Movement Walking (120) Location -10/Materials Parts ------- > --- POWER (1) -------- Ion Engine > --- PROPULSION (2) --- Aluminum Leg Aluminum Leg > --- UTILITY (1) ------ High-capacity Matter Pod > --- WEAPON (2) ------- Grenade Launcher > --- INVENTORY (1) ---- Light Armor Plating Peak State ------------ > --- POWER ------------ Ion Engine > --- PROPULSION ------- Aluminum Leg Aluminum Leg > --- UTILITY ---------- Structural Scanner > --- WEAPON ----------- EM Pulse Gun Light Assault Rifle > --- INVENTORY -------- (None) [Rating: 6] Favorites ----------- Power Ion Engine Engine Ion Engine Propulsion Aluminum Leg Leg Aluminum Leg Utility High-capacity Matter Pod Device Structural Scanner Storage High-capacity Matter Pod Weapon Grenade Launcher Energy Gun EM Pulse Gun Ballistic Gun Light Assault Rifle Launcher Grenade Launcher Build | -11 -10 ------- Run | Yrd Mat Slots Evolved 2 | 2 . Power . | . . Propulsion 1 | 1 . Utility . | . . Weapon 1 | 1 . Parts Attached 10 | 5 5 Power 1 | 1 . Engine 1 | 1 . Core . | . . Reactor . | . . Propulsion 3 | 2 1 Treads . | . . Leg 3 | 2 1 Wheel . | . . Hover . | . . Flight . | . . Utility 2 | . 2 Device 1 | . 1 Storage 1 | . 1 Processor . | . . Hackware . | . . Protection . | . . Artifact . | . . Weapon 4 | 2 2 Energy Gun 1 | 1 . Energy Cannon . | . . Ballistic Gun 1 | 1 . Ballistic Cannon . | . . Launcher 2 | . 2 Special Weapon . | . . Impact Weapon . | . . Slashing Weapon . | . . Piercing Weapon . | . . Special Melee Weapon . | . . Unidentified Prototypes . | . . Parts Lost . | . . Power . | . . Propulsion . | . . Utility . | . . Weapon . | . . Highest Loss Streak . | . . To Critical Strikes . | . . Average Slot Usage (%) 86 | . 86 Engine 16 | . 16 Leg 32 | . 32 Device 5 | . 5 Storage 9 | . 9 Energy Gun 4 | . 4 Ballistic Gun 4 | . 4 Launcher 10 | . 10 Peak Build Rating 6 | 5 6 Average Rating 5 | 4 5 On Entrance 2 | . 5 Naked Turns . | . . Heaviest Build 12 | 8 12 Greatest Support 25 | 25 25 Greatest Overweight (x) . | . . Average Overweight (x) . | . . Largest Inventory Capacity 1 | 1 1 Average Capacity 1 | 1 1 Most Carried 1 | . 1 Average Carried . | . . Final Capacity 1 | 1 1 Final Carried 1 | . 1 Class Distribution -------------------- 100% | Mutant Dominant Class ---------------- Mutant | -10/Materials Resources | -11 -10 ----------- Run | Yrd Mat Matter Collected 545 | 250 295 Remotely . | . . Salvage Created 307 | . 307 Parts 32 | . 32 Haulers Intercepted 2 | . 2 Recyclers Shooed 3 | . 3 Parts Field Recycled . | . . Retrieved Matter . | . . Parts Self-Destructed . | . . Prevented . | . . Kills | -11 -10 ------- Run | Yrd Mat Combat Hostiles Destroyed 13 | . 13 AOE 13 | . 13 Classes Destroyed 6 | . 6 Builder 1 | . 1 Tunneler 1 | . 1 Hauler 2 | . 2 Recycler 1 | . 1 Watcher 3 | . 3 Grunt 13 | . 13 Best Kill Streak 6 | . 6 Combat Bots Only 4 | . 4 Max Kills in Single Turn 3 | . 3 Gunslinging . | . . Exploded 2 | . 2 Melee . | . . Uniques/NPCs Destroyed . | . . Combat | -11 -10 -------- Run | Yrd Mat Hostile Shots Fired 49 | . 49 Missed 16 | . 16 Damage Taken 727 | . 727 Core 601 | . 601 Absorbed by Shields . | . . Redirected to Core 406 | . 406 Core Remaining (%) 100 | 100 . Volleys Fired 43 | . 43 Largest 1 | . 1 Hottest 30 | . 30 Shots Fired 43 | . 43 Gun . | . . Cannon . | . . Launcher 43 | . 43 Special . | . . Kinetic . | . . Thermal . | . . Explosive 43 | . 43 Electromagnetic . | . . Robot Hit Streak 9 | . 9 Robot Miss Streak 3 | . 3 Penetration Max . | . . Secondary Targets . | . . Shots Hit Robots 16 | . 16 Core Hits 43 | . 43 Critical Kills . | . . Critical Parts Destroyed . | . . Critical Strikes . | . . Melee Attacks . | . . Impact . | . . Slashing . | . . Piercing . | . . Sneak Attacks . | . . Combat Hostiles . | . . Follow-up Attacks . | . . Damage Inflicted 2138 | . 2138 Guns . | . . Cannons . | . . Explosions 2138 | . 2138 Melee . | . . Ramming . | . . Kinetic . | . . Thermal 96 | . 96 Explosive 2042 | . 2042 Electromagnetic . | . . Impact . | . . Slashing . | . . Piercing . | . . Highest Corruption . | . . Average Corruption . | . . Corruption Purged . | . . Corruption Blocked . | . . Overload Shots . | . . Overflow Damage 19 | . 19 Projectiles . | . . Explosions 19 | . 19 Melee . | . . Knockbacks . | . . Impact . | . . Kinetic . | . . Secondary . | . . Self-Inflicted Damage 292 | . 292 Shots 14 | . 14 Rammed . | . . Targets Rammed . | . . Kicked . | . . Crushed . | . . Highest Temperature 12 | . 12 Average Temperature 3 | . 3 Received Heat Transfer 225 | . 225 Siege Activations . | . . Robots Corrupted . | . . Combat Hostiles . | . . Parts Fried . | . . Impact Corruptions . | . . Robots Melted . | . . Combat Hostiles . | . . Parts Melted . | . . Heat Transferred 100 | . 100 Parts Sabotaged . | . . Parts Stolen . | . . Parts Stripped . | . . Power Chain Reactions . | . . Alert | -11 -10 ------- Run | Yrd Mat Peak Influence 472 | . 472 Initial . | . . Average 164 | . 172 Maximum Alert Level 2 | . 2 Low Security (%) 56 | 100 54 Level 1 35 | . 36 Level 2 8 | . 8 Level 3 . | . . Level 4 . | . . Level 5 . | . . High Security . | . . Max Security . | . . Squads Dispatched 2 | . 2 Investigation 1 | . 1 Extermination . | . . Reinforcement 1 | . 1 Assault . | . . Garrison . | . . Intercept . | . . Searches Triggered . | . . Construction Impeded . | . . Haulers Reinforced . | . . Active Scanning Responses . | . . Cargo Convoy Interrupts . | . . Stealth | -11 -10 --------- Run | Yrd Mat Distress Signals 2 | . 2 Communications Jammed . | . . Distress Signals . | . . Times Spotted 19 | . 19 Peak Tracking Total 6 | . 6 Tactical Retreats . | . . Traps | -11 -10 ------- Run | Yrd Mat Traps Triggered 3 | . 3 Indirectly . | . . Trap Hack Attempts . | . . Triggered . | . . Disarmed . | . . Reprogrammed . | . . Reused . | . . Traps Extracted . | . . Installed . | . . Triggered . | . . Machines | -11 -10 ---------- Run | Yrd Mat Machines Disabled 6 | . 6 Max in Single Turn 3 | . 3 Machines Repaired . | . . Machines Dismantled . | . . Machines Sabotaged . | . . Overloaded Fab Kills . | . . Hacking | -11 -10 --------- Run | Yrd Mat Machines Accessed 3 | . 3 Terminals 3 | . 3 Fabricators . | . . Repair Stations . | . . Recycling Units . | . . Scanalyzers . | . . Garrison Access . | . . Total Hacks 5 | . 5 Successful 1 | . 1 Failed 4 | . 4 Catastrophic . | . . Database Lockouts . | . . Manual 5 | . 5 Terminals 5 | . 5 Fabricators . | . . Repair Stations . | . . Recycling Units . | . . Scanalyzers . | . . Garrison Access . | . . Terminal Hacks . | . . Fabricator Hacks . | . . Repair Station Hacks . | . . Recycling Unit Hacks . | . . Scanalyzer . | . . Garrison Access Hacks . | . . Unauthorized Hacks 1 | . 1 Terminals 1 | . 1 Botnet 1 | . 1 Fabricators . | . . Repair Stations . | . . Recycling Units . | . . Scanalyzers . | . . Garrison Access . | . . Data Cores Recovered . | . . Used . | . . Hacking Detections 3 | . 3 Full Trace Events . | . . Feedback Events . | . . Feedback Blocked . | . . Robot Schematics Acquired . | . . Robots Built . | . . Authchips . | . . Time . | . . Total Robot Build Rating . | . . Part Schematics Acquired . | . . Parts Built . | . . Authchips . | . . Time . | . . Total Part Build Rating . | . . Parts Repaired . | . . Time . | . . Parts Recycled . | . . Recycled Matter . | . . Retrieved Matter . | . . Retrieved Components . | . . Parts Scanalyzed . | . . Part Schematics Acquired . | . . Parts Damaged . | . . Bothacking | -11 -10 ------------ Run | Yrd Mat Used RIF Installer . | . . Robots Hacked . | . . Non-combat . | . . Combat . | . . Robot Hacks Applied . | . . Relay Couplers Released . | . . Fabnet Peak Effective % . | . . Robots Rewired . | . . Allies Hacked . | . . Hacks Repelled . | . . Allies | -11 -10 -------- Run | Yrd Mat Total Allies . | . . Largest Group . | . . Highest-Rated Group . | . . Highest-Rated Ally . | . . Total Orders . | . . Ally Attacks . | . . Total Damage . | . . Kills . | . . Allies Corrupted . | . . Allies Melted . | . . Intel | -11 -10 ------- Run | Yrd Mat Robot Analysis Total . | . . Derelict Logs Recovered . | . . Drone Launches . | . . Drone Recoveries . | . . Exploration | -11 -10 ------------- Run | Yrd Mat Turns Passed 1149 | 52 1097 Spaces Moved 871 | 46 825 Core 14 | 14 . Treads . | . . Legs 857 | 32 825 Wheels . | . . Hover . | . . Flight . | . . Fastest Speed 50 | 50 120 Average Speed 118 | 98 120 Slowest Speed 120 | 120 120 Overloaded Moves . | . . Propulsion Burnouts . | . . Robots Hopped . | . . Cave-ins Triggered . | . . Exploration Rate (%) 40 | 4 77 Regions Visited 1 Branch Regions . Pre-discovered Areas . | . . Known Exits Taken . | . . Unknown Exits Taken 1 | 1 . Scrap Searched . | . . Spaces Dug . | . . Terrain Destroyed 195 | . 195 Melee . | . . Projectile . | . . AOE 195 | . 195 Terrain Rammed . | . . Walls Destroyed . | . . Machines Disabled . | . . Actions | -11 -10 --------- Run | Yrd Mat Total 941 | 50 891 Wait 12 | . 12 Move 870 | 45 825 Hop . | . . Pick Up 2 | . 2 Fast Attach 9 | 5 4 Attach 1 | . 1 Detach 1 | . 1 Swap . | . . Drop 3 | . 3 Fire 43 | . 43 Melee . | . . Ram . | . . Kick . | . . Crush . | . . Escape Stasis . | . . Rewire . | . . Trap . | . . Miscellaneous . | . . Route ------- -11/Scrapyard -10/Materials (discovered 4 exits: [*Mat x2] / [*Min] / [*Sub]) History --------- Turn | Location | Event 1 | -11/Scrapyard | Upgraded with Propulsion slot (x1) 1 | -11/Scrapyard | Upgraded with Weapon slot (x1) 3 | -11/Scrapyard | Discovered new exit (range 17) 53 | -11/Scrapyard | Entered Materials 308 | -10/Materials | Build established: Mutant 632 | -10/Materials | Discovered new exit (range 16) 667 | -10/Materials | Discovered new exit (range 11) 730 | -10/Materials | Discovered new exit (range 16) 780 | -10/Materials | Core integrity fell below 50% 784 | -10/Materials | Reached level 2 1109 | -10/Materials | Discovered new exit (range 15) 1141 | -10/Materials | Core integrity fell below 20% 1150 | -10/Materials | Destroyed self with Grenade Launcher Last Messages --------------- 01039_ U-05 Engineer lays Concrete. 01040_ U-05 Engineer builds a Wall. 01040_ K-01 Serf collects debris. 01046_ Acquired 85 matter. 01054_ K-01 Serf collects debris. 01062_ W-16 Scout destroyed. 01065_ K-01 Serf collects debris. 01068_ R-06 Scavenger inserts Aluminum Leg into recycling unit. 01069_ K-01 Serf collects debris. 01071_ R-06 Scavenger inserts Aluminum Leg into recycling unit. 01072_ K-01 Serf collects debris. 01079_ The unstable cave ceiling collapses. 01079_ K-01 Serf collects debris. 01109_ EXIT=FOUND 01139_ Triggered Alarm Trap. 01139_ An alarm sounds. 01139_ ALERT: Alarm triggered, dispatching investigation squad. 01140_ G-34 Mercenary destroyed. 01142_ Destroyed Ion Engine. 01150_ G-34 Mercenary destroyed. Map ----- +----------------------------------------------------+ | | | | | | | | | | | | | | | | | | | | | | | | | | | | | | | | | | | ????????????????????????????????????????????????? | | ?????????????????????###???????????????########## | | ?????????????????##### #??????????????# # | | ?????????????????# ??????????????# # | | ?????????????????# #???????####### # | | ?????????????????# ######### # # | | ?????????????????# # # | | ????????????????## < + # | | ????????????????# =@ # # | | ????????????????## +######## # # | | ?????????????????### "??????## ## # | | ???????????????????# """ "???????# ########### | | ???????????????????# """ ??????# ######### | | ???????????????????#! """ ??????# | | ???????????????????# ?????# | | ???????????????????################ | | ????????????????????????#! # ######### | | ????????????????????????# #####???????## | | ????????????????????????# """ #????????????# | | ????##################### """"" #????????????# | | ????# + """"" #????????????# | | ????# ################### """"" = #????????????# | | ????# #?????????????????# """ #???????????## | | ????# #?????????????????# #???????????# | | ????# #?????######??????######+####??????????## | | ????# ####### ############ #########????# | | ????# ^ #! ###### | | ????######### ########### # ! # [ | | ??????????########## ## # # ! | | ??????????# # ## # # ! ! | | ??????????# [ # # # # !! | | ??????????# # ## # ! # !! # | | ??????????# !] # # + # | +----------------------------------------------------+ Best States ------------- Heat Dissipation 25 Energy Generation 10 Energy Capacity 250 Matter Stores 332 Matter Capacity 500 Sight Range 18 Robot Scan Range 8 Terrain Scan Density 10 Evasion (%) 55 Item Schematics ----------------- None Robot Schematics ------------------ None Fabricated ------------ Nothing Alien Tech Used ----------------- None Achievements -------------- None Challenges ------------ None RPGLIKE | -11 -10 --------- Run | Yrd Mat Levels Raised 1 | . 1 XP Earned 5195 | 3000 2195 XP Spent 2100 | 2100 . Upgrades 10 | 10 . Propulsion Slot 1 | 1 . Weapon Slot 1 | 1 . Mass Support 1 | 1 . Inventory Capacity 1 | 1 . Sight Range 2 | 2 . Sensor Range 4 | 4 . Protomatter Created 69 | . 69 Protomatter Decayed . | . . Game ------ Seed HeartAnalysisVibroblade Manual? 0 Play Time 00:08:53 Cumulative 77.7 hours Start 2024.09.29 @ 05:13:09 End 2024.09.29 @ 05:21:30 Sessions 1 Manual Loads 0 Difficulty Rogue Special Mode Winter2019/RPGLIKE Game No. 35 Rogue 31 Adventurer 4 Explorer 0 Win Type - Total 1 Types 1/0/0/0/0/0/0/0/0 Lore% 40 Gallery% 41 Achievement% 44 Wizard Run 0 Options --------- Layout 0 ASCII 0 Keyboard 0 Movement Arrows Keybinds 0 Fullscreen 2 Font 32/SmallcapsGlow Map View 88x55 Zoom Use 0% Tactical HUD 1 Map Filters NONE Filters NONE Steam 1 RUN: 28f98c2d-502a-4a02-aef1-d70508db3909